 Dungeon Crawl Stone Soup version 0.22-a0-185-ge330310 (webtiles) character file.

119 4thArraOfDagon the Sneak (level 5, -5/35 HPs)
             Began as an Octopode Enchanter on Feb 15, 2018.
             Slain by an ice beast (11 damage)
             ... on level 5 of the Dungeon.
             The game lasted 00:03:59 (939 turns).

4thArraOfDagon the Sneak (Octopode Enchanter)        Turns: 939, Time: 00:04:00

Health: -5/35      AC:  1    Str:  7    XL:     5   Next: 3%
Magic:  2/8        EV: 14    Int: 18    God:
Gold:   149        SH:  0    Dex: 13    Spells: 2/8 levels left

rFire    . . .     SeeInvis .   a - +1 dagger
rCold    . . .     Gourm    .   (no shield)
rNeg     . . .     Faith    .   (helmet restricted)
rPois    .         Spirit   .   (no amulet)
rElec    .         Reflect  .   (no ring)
rCorr    .         Harm     .   (no ring)
MR       .....                  (no ring)
Stlth    +++.......             (no ring)
HPRegen  0.11/turn              (no ring)
MPRegen  0.11/turn              (no ring)
                                (no ring)
                                (no ring)

@: no status effects
A: almost no armour, stealthy swim, amphibious, 8 rings, constrict 8, camouflage
1, gelatinous body 1
a: no special abilities


You were on level 5 of the Dungeon.
You were hungry.

You visited 1 branch of the dungeon, and saw 5 of its levels.

You collected 149 gold pieces.

Inventory:

Hand Weapons
 a - a +1 dagger (weapon)
Scrolls
 d - a scroll of amnesia {unknown}
 e - 3 scrolls of identify {unknown}
 f - 2 scrolls of teleportation {unknown}
 g - a scroll of magic mapping {unknown}
 h - 2 scrolls of remove curse
 i - a scroll of random uselessness {unknown}
 j - a scroll of enchant weapon {unknown}
Potions
 k - a potion of lignification {unknown}
Books
 b - a book of Maledictions

   Spells                             Type                      Level
   a - Corona                         Hexes                        1
   b - Ensorcelled Hibernation        Hexes/Ice                    2
   c - Confuse                        Hexes                        3
   d - Tukima's Dance                 Hexes                        3
   e - Dazzling Spray                 Conjuration/Hexes            3
Comestibles
 c - 3 rations


   Skills:
 + Level 2.3 Fighting
 - Level 3.0 Short Blades
 - Level 3.0 Dodging
 - Level 4.0 Stealth
 - Level 2.0 Spellcasting
 - Level 3.0 Hexes


You had 2 spell levels left.
You knew the following spells:

 Your Spells              Type           Power        Failure   Level  Hunger
a - Corona                Hex            ##.....      5%          1    #......
b - Ensorcelled Hibernat  Hex/Ice        #.....       14%         2    ###....
c - Confuse               Hex            ##......     16%         3    ###....


Dungeon Overview and Level Annotations

Branches:
Dungeon (5/15)
 Temple: D:4-7

Altars:


Innate Abilities, Weirdness & Mutations

You cannot wear most types of armour.
You are very stealthy in the water. (Stealth+)
You are amphibious.
You can wear up to eight rings at the same time.
You can use your tentacles to constrict eight enemies at once.
Your skin changes colour to match your surroundings (Stealth+).
Your rubbery body absorbs attacks. (AC +1, EV +1)


Message History

Casting: Confuse (safe; 16% risk of failure)
Confirm with . or Enter, or press ? or * to list all spells.
Aiming: Confuse (safe; 16% risk of failure)
Press: ? - help, Shift-Dir - straight line, f - ice beast
Aim: an ice beast (severely wounded, chance to defeat MR: 43%)
The ice beast resists with some effort.
The ice beast barely misses you.
Casting: Confuse (safe; 16% risk of failure)
Confirm with . or Enter, or press ? or * to list all spells.
Aiming: Confuse (safe; 16% risk of failure)
Press: ? - help, Shift-Dir - straight line, f/p - ice beast
Aim: an ice beast (severely wounded, chance to defeat MR: 43%)
The ice beast appears confused.
The ice beast hits you. The ice beast freezes you!
You catch the helpless ice beast completely off-guard!
You puncture the ice beast!
The ice beast is almost dead.
The ice beast hits you.
* * * LOW HITPOINT WARNING * * *
The ice beast freezes you!
You die...

####
#..
#.#
#@#
#Y#
#.#
#.#
#.#
#.#
#.#
#.#


You could see an ice beast (confused).

Vanquished Creatures
  The ghost of 4thArraOfDagon the Sneak, an amateur OpEn (D:3)
  2 oozes (D:1)
  A leopard gecko (D:4)
  An orc (D:3)
  4 bats
  4 goblins (D:3)
  4 hobgoblins
  7 jackals
  A frilled lizard (D:4)
  A jackal skeleton (D:4)
  5 kobolds
  3 rats
34 creatures vanquished.

Notes
Turn   | Place    | Note
-------+----------+-------------------------------------------
     0 | D:1      | 4thArraOfDagon the Octopode Enchanter began the quest for the Orb.
     0 | D:1      | Reached XP level 1. HP: 11/11 MP: 3/3
    83 | D:1      | Reached XP level 2. HP: 13/17 MP: 1/5
   197 | D:1      | Reached XP level 3. HP: 11/21 MP: 6/6
   296 | D:2      | Learned a level 2 spell: Ensorcelled Hibernation
   300 | D:2      | Learned a level 3 spell: Confuse
   497 | D:3      | Noticed 4thArraOfDagon's ghost (amateur OpEn)
   721 | D:3      | Killed 4thArraOfDagon's ghost
   721 | D:3      | Reached XP level 4. HP: 27/29 MP: 4/7
   806 | D:3      | Reached XP level 5. HP: 29/34 MP: 8/8
   934 | D:5      | Entered Level 5 of the Dungeon
   934 | D:5      | Noticed an ice beast
   939 | D:5      | Slain by an ice beast

Vault maps used:
D:1:      sevenhm_arrival_forest_fort_small_4, minmay_stone_trees_medium,
          minmay_misc_feat_rows
D:2:      bh_walls_and_bars, uniq_robin
D:3:      gup_sewer_entry_bowl, serial_bayou_pond_e
D:4:      grunt_temple_overflow_open, first_ration
D:5:      kennysheep_small_spiral, kennysheep_potato

Skill      XL: |  1  2  3 |
---------------+----------+-----
Short Blades   | 2 3 |  3.0
Fighting       | 2 |  2.3
Dodging        | 3 |  3.0
Stealth        | |  4.0
Spellcasting   | |  2.0
Hexes          | |  3.0

Action                   |  1- 3 |  4- 6 || total
-------------------------+-------+-------++-------
Melee: Dagger            |    79 |    24 ||   103
       Constrict         |    17 |     7 ||    24
       Tentacles         |    11 |     5 ||    16
 Cast: Corona            |     4 |       ||     4
       Ensorcelled Hiber |     2 |       ||     2
       Confuse           |     1 |     2 ||     3
  Use: Scroll            |     1 |       ||     1
       Potion            |     1 |       ||     1
 Stab: Sleeping          |     7 |     3 ||    10
       Confused          |       |     1 ||     1
Armor: Skin              |     7 |     1 ||     8
Dodge: Dodged            |    54 |    12 ||    66

Table legend:
 A = Spawn XP
 B = Non-spawn XP
 C = Spawn XP percentage of total XP
 D = Spawn monster count
 E = Non-spawn monster count
 F = Spawn count percentage of total count
 G = Total turns spent on level
                    A         B        C        D         E        F      G
               +---------+---------+-------+---------+---------+-------+---------
         Total |       0 |     170 |   0.0 |       0 |      34 |   0.0 |   939
               +---------+---------+-------+---------+---------+-------+---------
           D:1 |       0 |      35 |   0.0 |       0 |      15 |   0.0 |   289
           D:2 |       0 |       2 |   0.0 |       0 |       2 |   0.0 |   122
           D:3 |       0 |     128 |   0.0 |       0 |      14 |   0.0 |   365
           D:4 |       0 |       5 |   0.0 |       0 |       3 |   0.0 |   158
               +---------+---------+-------+---------+---------+-------+---------
